 Seeded DCSS version 0.29.1-15-g9cfb28693d (webtiles) character file.

Game seed: 8515177902725472229 (custom seed)

222809 bmack86 the Warrior (level 18, -7/170 (180) HPs)
             Began as a Minotaur Fighter on Apr 22, 2023.
             Was the Champion of Okawaru.
             Mangled by a redback (10 damage)
             ... on level 4 of the Spider Nest.
             The game lasted 01:28:51 (33115 turns).

bmack86 the Warrior (Minotaur Fighter)             Turns: 33115, Time: 01:28:52

HP:   -7/170 (180)  AC: 49    Str: 23    XL:     18   Next: 54%
MP:   1/28          EV: 12    Int: 12    God:    Okawaru [******]
Gold: 1351          SH: 24    Dex: 15    Spells: 17/17 levels left

rFire   . . .      SeeInvis +   G - +14 obsidian axe {vorpal, Mesm Drain Fly SInv}
rCold   + + +      Faith    .   Y - +1 tower shield {AC+3}
rNeg    . . .      Spirit   .   K - +4 crystal plate armour {rC+}
rPois   +          Reflect  .   A - +2 hat {Will+}
rElec   +          Harm     +   h - +2 cloak
rCorr   .          Rampage  .   D - +0 pair of gloves of Fuisch {rElec Str-5 Int+7 SInv}
Will    +++..                   J - +2 pair of boots of the Slightly Bent {rPois rC+ Dex+4 Stlth+}
Stlth   ..........              M - amulet of Trepidation {Harm rC+ Regen+}
HPRegen 1.18/turn               V - ring of Yvaefin {rElec EV+4 Slay+4}
MPRegen 0.21/turn               H - ring of willpower

@: heroic, marked, flying, mesmerised, slowed, studying 2 skills, drained,
invisible, very slow
A: horns 2, retaliatory headbutt
}: 1/15 runes: decaying
a: Renounce Religion, Heroism, Finesse, Duel


You were on level 4 of the Spider Nest.
You worshipped Okawaru.
Okawaru was exalted by your worship.
You visited 6 branches of the dungeon, and saw 31 of its levels.
You also visited: Ice Cave and Volcano.

You collected 4962 gold pieces.
You spent 3611 gold pieces at shops.

Inventory:

Hand Weapons
 l - a +9 broad axe of flaming
 G - the +14 obsidian axe (weapon) {vorpal, Mesm Drain Fly SInv}
   (You acquired it on level 4 of the Lair of Beasts)

   It inflicts extra damage upon your enemies.
   It occasionally summons demons to assist the wielder when it strikes in
   combat.
   Its wielder is mesmerised by any visible foes.
   It cannot be unequipped while any foes are visible.
   SInv:      It lets you see invisible.
   Fly:       It grants you flight.
   Drain:     It drains your maximum health when unequipped.
 S - a +9 broad axe of flaming
Missiles
 c - 12 javelins
 r - 24 poisoned darts
 s - 3 boomerangs
 t - 8 throwing nets
 w - 3 silver boomerangs (quivered)
Armour
 h - a +2 cloak (worn)
 A - a +2 hat of willpower (worn)
 D - the +0 pair of gloves of Fuisch (worn) {rElec Str-5 Int+7 SInv}
   (You found it on level 2 of the Lair of Beasts)

   Str:       It affects your strength (-5).
   Int:       It affects your intelligence (+7).
   rElec:     It insulates you from electricity.
   SInv:      It lets you see invisible.
 J - the +2 pair of boots of the Slightly Bent (worn) {rPois rC+ Dex+4 Stlth+}
   (Okawaru gifted it to you on level 3 of the Lair of Beasts)

   Dex:       It affects your dexterity (+4).
   rC:        It protects you from cold.
   rPois:     It protects you from poison.
   Stlth:     It makes you more stealthy.
 K - a +4 crystal plate armour of cold resistance (worn)
 T - a +2 plate armour of willpower
 Y - a +1 tower shield of protection (worn)
Jewellery
 a - a +6 ring of strength
 p - a ring of willpower
 v - the ring of Monoyboq {rElec rN+ Str+3 Int+6}
   (You acquired it on level 2 of the Dungeon)

   [ring of intelligence]

   Str:       It affects your strength (+3).
   Int:       It affects your intelligence (+6).
   rElec:     It insulates you from electricity.
   rN:        It protects you from negative energy.
 H - a ring of willpower (right hand)
 M - the amulet of Trepidation (around neck) {Harm rC+ Regen+}
   (You acquired it on level 4 of the Lair of Beasts)

   [amulet of regeneration]

   rC:        It protects you from cold.
   Regen:     It increases your rate of health regeneration.
   Harm:      It increases damage dealt and taken.
 Q - the ring "Totui" {rF+ Int+6 Dex-4 Slay+4}
   (You found it on level 3 of the Swamp)

   [ring of intelligence]

   Int:       It affects your intelligence (+6).
   Dex:       It affects your dexterity (-4).
   Slay:      It affects your accuracy & damage with ranged weapons and melee
   (+4).
   rF:        It protects you from fire.
 R - a +4 ring of protection
 U - an amulet of regeneration
 V - the ring of Yvaefin (left hand) {rElec EV+4 Slay+4}
   (You bought it in a shop on level 2 of the Orcish Mines)

   [ring of evasion]

   EV:        It affects your evasion (+4).
   Slay:      It affects your accuracy & damage with ranged weapons and melee
   (+4).
   rElec:     It insulates you from electricity.
Wands
 m - a wand of flame (36)
 u - a wand of digging (5)
 z - a wand of paralysis (18)
 C - a wand of iceblast (18)
Scrolls
 f - 15 scrolls of teleportation
 g - 3 scrolls of identify
 i - 2 scrolls of blinking
 n - a scroll of brand weapon
 y - 6 scrolls of fear
 E - a scroll of magic mapping
 F - a scroll of poison
 I - a scroll of silence
 L - a scroll of enchant weapon
Potions
 b - a potion of invisibility
 d - 4 potions of brilliance
 e - 19 potions of curing
 j - 9 potions of heal wounds
 k - 2 potions of ambrosia
 o - 4 potions of might
 q - 4 potions of haste
 x - 3 potions of magic
 B - 3 potions of cancellation


   Skills:
 + Level 20.6(25.6) Fighting
 + Level 19.7(24.7) Axes
 - Level 10.0(15.0) Throwing
 + Level 20.2(25.2) Armour
 + Level 18.4(23.4) Shields
 - Level 15.0 Invocations


You had 17 spell levels left.
You didn't know any spells.
Your spell library contained the following spells:

 Spells                   Type           Power      Damage    Failure   Level
 Beastly Appendage        Tmut           0%         N/A       99%         1
 Magic Dart               Conj           0%         1d3       99%         1
 Necrotise                Necr           0%         1d4       99%         1
 Shock                    Conj/Air       0%         1d3       99%         1
 Slow                     Hex            0%         N/A       99%         1
 Ensorcelled Hibernation  Hex/Ice        0%         N/A       100%        2
 Passwall                 Tmut/Erth      0%         N/A       100%        2
 Poisonous Vapours        Pois/Air       0%         N/A       100%        2
 Searing Ray              Conj           0%         2d4       100%        2
 Static Discharge         Conj/Air       0%         3-3/arc   100%        2
 Wereblood                Tmut           0%         N/A       100%        2
 Confusing Touch          Hex            0%         N/A       100%        3
 Inner Flame              Hex/Fire       0%         N/A       100%        3
 Portal Projectile        Hex/Tloc       0%         N/A       100%        3
 Spider Form              Tmut/Pois      0%         N/A       100%        3
 Swiftness                Air            0%         N/A       100%        3
 Vampiric Draining        Necr           0%         2d6       100%        3
 Airstrike                Air            0%         2d(0-16)  100%        4
 Cause Fear               Hex            0%         N/A       100%        4
 Corpse Rot               Necr/Pois/Air  0%         N/A       100%        4
 Fulminant Prism          Conj/Hex       0%         3d6       100%        4
 Iskenderun's Mystic Bla  Conj/Tloc      0%         2d3       100%        4
 Leda's Liquefaction      Hex/Erth       0%         N/A       100%        4
 Olgreb's Toxic Radiance  Pois           0%         N/A       100%        4
 Passage of Golubria      Tloc           0%         N/A       100%        4
 Agony                    Necr           0%         N/A       100%        5
 Lee's Rapid Deconstruct  Erth           0%         3d5*      100%        5
 Lightning Bolt           Conj/Air       0%         1d11      100%        5
 Silence                  Hex/Air        0%         N/A       100%        5
 Orb of Destruction       Conj           0%         9d5       100%        7
 Ozocubu's Refrigeration  Ice            0%         4d7       100%        7
 Borgnjor's Revivificati  Necr           0%         N/A       100%        8
 Discord                  Hex            0%         N/A       100%        8
 Ignition                 Fire           0%         3d3       100%        8
 Lehudib's Crystal Spear  Conj/Erth      0%         10d2      100%        8
 Maxwell's Capacitive Co  Air            0%         ∞         100%        8
 Necromutation            Tmut/Necr      0%         N/A       100%        8
 Chain Lightning          Conj/Air       0%         N/A       100%        9
 Death's Door             Necr           0%         N/A       100%        9
 Fire Storm               Conj/Fire      0%         5d1       100%        9
 Shatter                  Erth           0%         3d5*      100%        9
 Call Canine Familiar     Summ           Unusable   N/A       N/A         3
 Summon Guardian Golem    Hex/Summ       Unusable   N/A       N/A         3
 Summon Lightning Spire   Summ/Air       Unusable   N/A       N/A         4
 Spellforged Servitor     Conj/Summ      Unusable   N/A       N/A         7

Dungeon Overview and Level Annotations

Branches:
Dungeon (15/15)            Temple (1/1) D:7            Lair (5/5) D:10
  Swamp (4/4) Lair:3       Spider (4/4) Lair:2        Slime (0/5) Lair:4
    Orc (2/2) D:10            Elf (0/3) Orc:2        Vaults (0/5) D:14
 Depths (0/4) D:15          IceCv (visited)         Volcano (visited)

Altars:
Ashenzari
Cheibriados
Elyvilon
Fedhas
Gozag
Hepliaklqana
Makhleb
Nemelex Xobeh
Okawaru
Trog
Uskayaw
Vehumet
Xom
Yredelemnul
Zin
The Shining One
Jiyva

Shops:
D:2 *   D:5 *   D:7 =   D:8 ?   Orc:1 (?=   Orc:2 [(*=

Annotations:
D:12 3 runed translucent doors, Bacloox's ghost, journeyman SpHu
Lair:4 exclusion: 3 oklob plants


Innate Abilities, Weirdness & Mutations

You have a pair of horns on your head.
You reflexively headbutt those who attack you in melee.


Message History

The jumping spider leaps!
A redback comes into view.
The tarantella touches you but does no damage.
The redback bites you but does no damage.
The culicivora closely misses you. The ghost moth stares at you.
The jorogumo hits you but does no damage.
The tarantella barely misses you. You furiously retaliate!
You headbutt the tarantella.
The web tears apart.
Visions of slaying the redback flood into your mind.
You block the redback's attack. The culicivora barely misses you.
You furiously retaliate!
You headbutt the culicivora.
A tarantella comes into view.
The ghost moth stares at you.
The jorogumo hits you but does no damage.
You block the tarantella's attack. You block the redback's attack.
The culicivora bites you.
* * * LOW HITPOINT WARNING * * *
The culicivora draws strength from your injuries!
The jorogumo closely misses you. The tarantella misses you.
The redback bites you but does no damage.
The culicivora misses you. You furiously retaliate!
You headbutt the culicivora.
The tarantella moves out of view.
A redback comes into view.
You fade into invisibility!
Visions of slaying the tarantella flood into your mind.
A tarantella comes into view.
You block the tarantella's attack. You block the culicivora's attack.
You block the redback's attack.
A jorogumo comes into view.
The jorogumo casts a spell at you. The bolt of negative energy hits you!!!
You feel drained.
* * * LOW HITPOINT WARNING * * *
The torpor snail bites you but does no damage.
You block the tarantella's attack. The culicivora bites you.
* * * LOW HITPOINT WARNING * * *
The culicivora draws strength from your injuries!
The redback bites you!
You die...

.............<†^......
............†..#......
#.........^..†[......#
#.....s....†^.....^###
#...^....†...^..####
.....^.†††..s..##
#............^##
#^.....(††w..##
#.......y@sy##
.......ssHs.#
...^....sys.#
..<....s...s#
...........s#
....#......s#
^.......=.ss.
.........Hs


You could see 2 jorogumos, 2 ghost moths, a spark wasp (unable to see you), a
torpor snail (unable to see you), a wolf spider (unable to see you), 3 orb
spiders, a culicivora (unable to see you), a jumping spider (unable to see you),
4 tarantellas and 5 redbacks.

Vanquished Creatures
  Bai Suzhen (Spider:4)
  Nikola (Swamp:1)
  Arachne (Spider:3)
  The ghost of Ythrok the Peltast, an adept MiFi of Okawaru (Spider:3)
  Jorgrun (D:15)
  Rupert (D:13)
  Mlioglotl (Spider:3)
  A lich (IceCv)
  Gastronok (D:8)
  Kirke (D:14)
  Agnes (Spider:1)
  2 thorn hunters (Swamp:4)
  Donald (Spider:3)
  5 emperor scorpions
  A frost giant (D:15)
  Louise (D:14)
  4 ghost moths
  3 broodmothers
  An ironbound preserver (D:14)
  The ghost of Manay the Covert, a journeyman DsDe of Nemelex Xobeh (Lair:4)
  3 eleionomae
  5 bunyips (Swamp:1)
  2 spark wasps (Spider:2)
  3 entropy weavers
  Azrael (D:13)
  Snorg (Orc:1)
  2 shambling mangroves
  A spectral fenstrider witch (Swamp:3)
  A fire dragon (Lair:5)
  4 caustic shrike simulacra (IceCv)
  Harold (Lair:2)
  6 ghost crabs
  8 boulder beetles
  23 hydras
  A catoblepas (Lair:4)
  Fannar (Orc:1)
  5 ogre magi
  An ice dragon (D:15)
  3 jorogumos (Spider:4)
  6 centaur warriors
  22 two-headed ogres
  Erica (D:8)
  6 alligators
  6 tengu warriors
  A hell knight (Volcano)
  5 pharaoh ants
  A sun moth (Spider:3)
  A goliath frog (Swamp:3)
  4 steelbarb worms
  3 spriggan druids
  3 orb spiders (Spider:3)
  The ghost of nalyd1 the Fighter, a novice MiFi (D:6)
  15 swamp dragons
  12 bog bodies
  3 orc knights
  Pikel (D:8)
  3 lindwurms
  An obsidian statue (IceCv)
  A necromancer (IceCv)
  2 spriggan simulacra (IceCv)
  2 deep elf pyromancers
  22 ugly things
  An orc sorcerer (Orc:1)
  A spectral hydra (Swamp:3)
  17 wolf spiders
  5 cyclopes
  4 manticores
  3 will-o-the-wisps (Swamp:3)
  2 moths of wrath
  Maurice (D:13)
  12 black mambas
  2 ice statues (D:15)
  Joseph (D:8)
  The ghost of sigtrap the Shield-Bearer, a novice GnFi (D:4)
  2 gargoyles
  A guardian serpent (Lair:5)
  3 elephants (Lair:4)
  14 cane toads
  6 torpor snails
  A kobold demonologist (D:12)
  2 unseen horrors (D:10)
  Psyche (D:9)
  7 demonic crawlers
  Maggie (D:10)
  12 komodo dragons
  An unseen horror zombie (D:9)
  16 freezing wraiths
  3 tengu conjurers (D:14)
  5 rime drakes
  2 ice devils (IceCv)
  A yaktaur (Volcano)
  5 anaconda simulacra (IceCv)
  2 bloated husks
  3 golden dragon simulacra (IceCv)
  6 trolls
  3 polar bears (Lair:5)
  13 hornets
  24 tarantellas
  20 blink frogs
  6 tyrant leeches
  Prince Ribbit (D:9)
  12 slime creatures
  A centaur simulacrum (D:14)
  4 spriggans
  12 culicivoras
  3 shadows
  15 jumping spiders
  15 wyverns
  A vampire (D:10)
  A dire elephant simulacrum (IceCv)
  11 fire bats
  2 wraiths
  3 hogs (D:14)
  46 yaks
  Grum (D:10)
  36 redbacks
  A hog (shapeshifter) (D:14)
  3 steam dragons
  13 vampire mosquitoes
  6 basilisks
  5 wargs
  4 harpy simulacra (IceCv)
  10 swamp worms
  3 acid dragons
  4 hell hounds (D:13)
  22 water moccasins
  A black bear (shapeshifter) (D:13)
  13 swamp drakes
  13 orc warriors
  3 ice beasts
  2 black bears (Lair:3)
  2 ettin simulacra (IceCv)
  2 alligator simulacra (IceCv)
  7 wolves
  20 centaurs
  27 ogres
  2 lemures (D:8)
  5 bullfrogs
  2 deep troll simulacra (IceCv)
  A wyvern zombie (D:9)
  A gnoll sergeant (D:9)
  4 scorpions
  6 wights
  12 killer bees
  3 lindwurm simulacra (IceCv)
  3 electric eels (D:8)
  7 lava snakes (Volcano)
  3 jellies
  A hound (D:7)
  11 orc priests
  3 gnoll boudas
  11 iguanas
  16 orc wizards
  18 gnolls
  5 adders
  10 river rats (D:6)
  2 white imps
  2 ufetubi
  2 worms (Lair:2)
  3 dart slugs
  64 orcs
  5 ball pythons
  5 bats
  3 endoplasms
  6 giant cockroaches
  6 goblins
  8 hobgoblins
  5 jackals (D:2)
  8 quokkas
  5 frilled lizards
  4 kobolds
  22 rats
  A briar patch (Swamp:4)
  A plant (Lair:5)
1035 creatures vanquished.

Vanquished Creatures (others)
  The ghost of Zenkrye the Severer, an adept HOFi of Beogh (Swamp:3)
  A bunyip (Swamp:1)
  An alligator (Swamp:2)
  An orb spider (Spider:4)
  A deep elf pyromancer (D:13)
  4 bloated husks
  A spriggan (Swamp:3)
  A swamp worm (Swamp:1)
  A hydra simulacrum (Swamp:3)
  A centaur (Volcano)
  An orc (D:14)
  A rat (D:6)
  2 foxfires (Swamp:3)
  36 fungi
  83 plants
136 creatures vanquished.

Grand Total: 1171 creatures vanquished

Notes
Turn   | Place    | Note
-------+----------+-------------------------------------------
     0 | D:1      | bmack86 the Minotaur Fighter began the quest for the Orb.
     0 | D:1      | Reached XP level 1. HP: 19/19 MP: 0/0
   184 | D:1      | Reached XP level 2. HP: 23/27 MP: 1/1
   919 | D:2      | Reached XP level 3. HP: 33/33 MP: 2/2
   991 | D:2      | Identified a scroll of acquirement
   991 | D:2      | Acquired a manual of Fighting
  1139 | D:2      | Found Vuamm's General Store.
  1164 | D:2      | Found a shimmering altar of Xom.
  1223 | D:2      | Reached XP level 4. HP: 14/40 MP: 3/3
  1242 | D:2      | Acquired the ring of Monoyboq {rElec rN+ Str+3 Int+6}
  1427 | D:2      | Acquired a manual of Invocations
  1429 | D:2      | Acquired 755 gold pieces
  1548 | D:2      | Reached skill level 1 in Throwing
  1745 | D:3      | Found a faded altar of an unknown god.
  1787 | D:2      | Bought 3 scrolls of enchant weapon for 225 gold pieces
  1787 | D:2      | Bought 5 poisoned darts for 20 gold pieces
  2145 | D:3      | Reached XP level 5. HP: 37/47 MP: 4/4
  2485 | D:4      | Reached skill level 1 in Invocations
  2796 | D:4      | Found a transporter.
  2796 | D:4      | Noticed sigtrap's ghost (novice GnFi)
  2871 | D:4      | Found a transporter.
  2931 | D:4      | Reached skill level 5 in Fighting
  3138 | D:5      | Entered Level 5 of the Dungeon
  3156 | D:5      | Found Bylic's Specific Store.
  3160 | D:5      | Found Naef Ace's General Store.
  3172 | D:5      | Bought a +0 plate armour for 345 gold pieces
  3176 | D:5      | Bought 3 scrolls of enchant armour for 315 gold pieces
  3217 | D:5      | Reached XP level 6. HP: 41/56 MP: 6/6
  3229 | D:5      | Reached skill level 5 in Axes
  3516 | D:5      | Found a radiant altar of Vehumet.
  3750 | D:5      | Noticed a water moccasin
  3755 | D:5      | Killed a water moccasin
  3756 | D:5      | Reached skill level 5 in Armour
  3756 | D:5      | Reached skill level 5 in Shields
  3756 | D:5      | Reached XP level 7. HP: 62/62 MP: 6/8
  4057 | D:6      | Noticed a steam dragon
  4057 | D:6      | You fall into a shaft and drop 2 floors!
  4094 | D:8      | Found a snail-covered altar of Cheibriados.
  4301 | D:7      | Identified the +2 long sword "Widowermaker" {vorpal, rN+
                  | Str+3}
  4305 | D:7      | Found Zauzocer's Jewellery Emporium.
  4863 | D:7      | Found the +0 staff of Battle
  4970 | D:7      | Found a staircase to the Ecumenical Temple.
  5049 | D:8      | Found Zilis's Magic Scroll Shoppe.
  5308 | Temple   | Entered the Ecumenical Temple
  5314 | Temple   | Became a worshipper of Warmaster Okawaru
  5476 | D:6      | Reached XP level 8. HP: 68/71 MP: 8/10
  5530 | D:6      | Noticed a troll
  5541 | D:6      | Killed a troll
  5541 | D:6      | Reached * piety under Okawaru
  5905 | D:6      | Found a runed translucent gate.
  5905 | D:6      | Found a runed translucent gate.
  5906 | D:6      | Found a runed translucent gate.
  5908 | D:6      | Noticed nalyd1's ghost (novice MiFi)
  5942 | D:6      | Killed nalyd1's ghost
  5943 | D:6      | Reached skill level 5 in Invocations
  6232 | D:6      | Found a hazy altar of Hepliaklqana.
  6361 | D:6      | Reached XP level 9. HP: 81/82 MP: 12/12
  6646 | D:6      | Reached ** piety under Okawaru
  7124 | D:8      | Noticed Joseph
  7141 | D:8      | Killed Joseph
  7743 | D:8      | Noticed Pikel
  7758 | D:8      | Killed Pikel
  7758 | D:8      | Reached *** piety under Okawaru
  7759 | D:8      | Reached skill level 5 in Throwing
  7837 | D:8      | Found a glowing silver altar of Zin.
  7964 | D:8      | Noticed Gastronok
  7980 | D:8      | Killed Gastronok
  7981 | D:8      | Reached skill level 10 in Fighting
  7981 | D:8      | Reached skill level 10 in Axes
  7981 | D:8      | Reached XP level 10. HP: 56/94 MP: 14/14
  8142 | D:8      | Noticed a cyclops
  8143 | D:8      | Noticed a two-headed ogre
  8467 | D:8      | Killed a cyclops
  8467 | D:8      | Reached **** piety under Okawaru
  8778 | D:8      | Killed a two-headed ogre
  8888 | D:8      | Noticed Erica
  8893 | D:8      | Killed Erica
  8893 | D:8      | Reached ***** piety under Okawaru
  9259 | D:9      | Noticed Psyche
  9263 | D:9      | Killed Psyche
  9855 | D:9      | Noticed a two-headed ogre
  9864 | D:9      | Killed a two-headed ogre
  9864 | D:9      | Received a gift from Okawaru
  9865 | D:9      | Reached XP level 11. HP: 67/103 MP: 14/16
 10118 | D:9      | Noticed Prince Ribbit
 10125 | D:9      | Killed Prince Ribbit
 10870 | D:9      | Found a basalt altar of Yredelemnul.
 11132 | D:10     | Entered Level 10 of the Dungeon
 11413 | D:10     | Received a gift from Okawaru
 11557 | D:10     | Found a burning altar of Makhleb.
 11839 | D:10     | Found a blossoming altar of Fedhas.
 11862 | D:10     | Found a staircase to the Lair.
 11888 | D:10     | Noticed Maggie
 11898 | D:10     | Killed Maggie
 12095 | D:10     | Noticed Grum
 12107 | D:10     | Killed Grum
 12282 | D:10     | Found a staircase to the Orcish Mines.
 12318 | D:10     | Reached ****** piety under Okawaru
 12825 | D:11     | Identified the +1 hat of Philately {Int+4} (Okawaru gifted
                  | it to you on level 11 of the Dungeon)
 12825 | D:11     | Received a gift from Okawaru
 12991 | D:11     | Noticed a two-headed ogre
 12997 | D:11     | Reached skill level 10 in Invocations
 13000 | D:11     | Killed a two-headed ogre
 13620 | D:11     | Reached XP level 12. HP: 114/115 MP: 18/18
 14021 | D:12     | Found a runed translucent gate.
 14021 | D:12     | Noticed a rockslime
 14022 | D:12     | Found a runed translucent gate.
 14022 | D:12     | Noticed an azure jelly
 14023 | D:12     | Noticed Bacloox's ghost (journeyman SpHu)
 14023 | D:12     | Noticed an acid blob
 14024 | D:12     | Noticed an acid blob
 14024 | D:12     | Found a runed translucent gate.
 14024 | D:12     | Noticed an acid blob
 14024 | D:12     | Noticed an acid blob
 14024 | D:12     | Noticed an azure jelly
 14024 | D:12     | Noticed an acid blob
 14025 | D:12     | Noticed an azure jelly
 14025 | D:12     | Noticed an azure jelly
 14398 | D:12     | Reached skill level 10 in Armour
 14559 | D:12     | Reached skill level 10 in Shields
 15079 | D:12     | Found a viscous altar of Jiyva.
 15275 | D:13     | Noticed a centaur warrior
 15461 | Lair:1   | Entered Level 1 of the Lair of Beasts
 15796 | Lair:1   | Received a gift from Okawaru
 16635 | Lair:1   | Noticed an eight-headed hydra
 16650 | Lair:1   | Killed a 12-headed hydra
 16650 | Lair:1   | Received a gift from Okawaru
 16843 | Lair:2   | Noticed Harold
 16846 | Lair:2   | Noticed a four-headed hydra
 16857 | Lair:2   | Killed an eight-headed hydra
 16862 | Lair:2   | Killed Harold
 17105 | Lair:2   | Found a hole to the Spider Nest.
 17162 | Lair:2   | Identified the +0 pair of gloves of Fuisch {rElec Str-5
                  | Int+7 SInv}
 17324 | Lair:2   | Identified the +0 chain mail "Nicigref" {rPois}
 17466 | Lair:2   | Paralysed by a hornet for 2 turns
 17569 | Lair:2   | Identified the +3 mace "Cunoa" {venom, Will+ Stlth+}
 17812 | Lair:3   | Reached XP level 13. HP: 125/125 MP: 20/20
 17940 | Lair:3   | Received a gift from Okawaru
 18087 | Lair:3   | Found a staircase to the Swamp.
 18099 | Lair:3   | Identified the +2 pair of boots of the Slightly Bent {rPois
                  | rC+ Dex+4 Stlth+} (Okawaru gifted it to you on level 3 of
                  | the Lair of Beasts)
 18099 | Lair:3   | Received a gift from Okawaru
 18914 | Lair:4   | Reached skill level 15 in Fighting
 18914 | Lair:4   | Reached skill level 15 in Axes
 19270 | Lair:4   | Acquired 1085 gold pieces
 19272 | Lair:4   | Acquired the amulet of Trepidation {Harm rC+ Regen+}
 19283 | Lair:4   | Acquired the +14 obsidian axe {vorpal, Mesm Drain Fly SInv}
 19283 | Lair:4   | Found the +14 obsidian axe {vorpal, Mesm Drain Fly SInv}
 19297 | Lair:4   | Found a viscous altar of Jiyva.
 19299 | Lair:4   | Found a staircase to the Slime Pits.
 19303 | Lair:4   | HP: 4/126 [oklob plant/splash of acid (24)]
 19432 | Lair:4   | Found a burning altar of Makhleb.
 19553 | Lair:4   | Found a runed translucent gate.
 19553 | Lair:4   | Noticed Manay's ghost (journeyman DsDe)
 19563 | Lair:4   | Found a runed translucent gate.
 19564 | Lair:4   | Found a runed translucent gate.
 19603 | Lair:4   | Killed Manay's ghost
 19873 | Lair:5   | Entered Level 5 of the Lair of Beasts
 19880 | Lair:5   | Received a gift from Okawaru
 19884 | Lair:5   | Received a gift from Okawaru
 20083 | Lair:5   | Received a gift from Okawaru
 20136 | Lair:5   | Reached XP level 14. HP: 122/135 MP: 22/22
 20224 | Lair:5   | Identified the +8 hand axe "Ledig" {drain, rElec rC+ Str+4
                  | Int-3} (Okawaru gifted it to you on level 5 of the Lair of
                  | Beasts)
 20224 | Lair:5   | Received a gift from Okawaru
 20738 | Lair:5   | Received a gift from Okawaru
 21395 | D:4      | Killed sigtrap's ghost
 21395 | D:4      | Received a gift from Okawaru
 21831 | D:13     | Noticed Azrael
 21838 | D:13     | Killed Azrael
 21926 | D:13     | Reached skill level 10 in Throwing
 22133 | D:13     | Noticed Maurice
 22138 | D:13     | Killed Maurice
 22138 | D:13     | Received a gift from Okawaru
 22246 | D:13     | Noticed Rupert
 22257 | D:13     | Killed Rupert
 22589 | D:14     | Reached XP level 15. HP: 132/144 MP: 24/24
 22680 | D:14     | Found a gate to the Vaults.
 23164 | D:14     | Noticed Louise
 23174 | D:14     | Killed Louise
 23315 | D:14     | Noticed Kirke
 23318 | D:14     | Noticed a sphinx
 23328 | D:14     | Killed Kirke
 23364 | D:14     | Received a gift from Okawaru
 23424 | D:14     | Received a gift from Okawaru
 23525 | D:15     | Entered Level 15 of the Dungeon
 23546 | D:15     | Found a frozen archway.
 23583 | IceCv    | Entered an ice cave
 23610 | IceCv    | Received a gift from Okawaru
 23713 | IceCv    | Identified the +1 hat of the Equator {Int+9}
 23745 | IceCv    | Found an ancient bone altar of Kikubaaqudgha.
 23855 | IceCv    | Found the +4 skin of Zhor {*Englaciate rC+++ SInv}
 23930 | IceCv    | Noticed a lich
 23941 | IceCv    | Received a gift from Okawaru
 23946 | IceCv    | Killed a lich
 24381 | D:15     | Noticed Jorgrun
 24391 | D:15     | Killed Jorgrun
 24596 | D:15     | Reached XP level 16. HP: 155/155 MP: 26/26
 24598 | D:15     | Found a staircase to the Depths.
 24802 | Orc:1    | Entered Level 1 of the Orcish Mines
 24802 | Orc:1    | Noticed Snorg
 24802 | Orc:1    | Found Fuor Qua's Magic Scroll Shoppe.
 24803 | Orc:1    | Noticed Fannar
 24813 | Orc:1    | Killed Snorg
 24817 | Orc:1    | Killed Fannar
 24857 | Orc:1    | Bought a scroll of brand weapon for 123 gold pieces
 24857 | Orc:1    | Bought a scroll of silence for 123 gold pieces
 24953 | Orc:1    | Found Ysoy's Weapon Shop.
 24991 | Orc:1    | Found Ekutrual's Jewellery Boutique.
 25000 | Orc:1    | Bought a +4 ring of protection for 504 gold pieces
 25268 | Orc:1    | Found a dark tunnel.
 25294 | Volcano  | Entered a volcano
 25410 | Volcano  | Reached skill level 15 in Invocations
 25512 | Volcano  | Found a radiant altar of Vehumet.
 25549 | Volcano  | Found a radiant altar of Vehumet.
 25624 | Orc:2    | Entered Level 2 of the Orcish Mines
 25775 | Orc:2    | Reached skill level 15 in Armour
 25777 | Orc:2    | Reached skill level 15 in Shields
 25778 | Orc:2    | Received a gift from Okawaru
 25783 | Orc:2    | Found Gaompaj's Antique Weapon Emporium.
 25783 | Orc:2    | Found Buregoir's Jewellery Shop.
 25791 | Orc:2    | Found Antoit's Armour Boutique.
 25791 | Orc:2    | Found Fekhlieff's Assorted Antiques.
 25900 | Orc:2    | Bought a +2 plate armour of willpower for 480 gold pieces
 25901 | Orc:2    | Bought 2 potions of curing for 186 gold pieces
 25901 | Orc:2    | Bought a dented cabochon amulet for 155 gold pieces
 25902 | Orc:2    | Bought the ring of Yvaefin {rElec EV+4 Slay+4} for 1135
                  | gold pieces
 25947 | Orc:2    | Found a staircase to the Elven Halls.
 26737 | Swamp:1  | Entered Level 1 of the Swamp
 26755 | Swamp:1  | Noticed Nikola
 26773 | Swamp:1  | Identified the +6 war axe of Extermination {flame, rN+
                  | Will+++ Int-2} (Okawaru gifted it to you on level 1 of the
                  | Swamp)
 26773 | Swamp:1  | Received a gift from Okawaru
 26778 | Swamp:1  | Killed Nikola
 27482 | Swamp:2  | Found a broken altar of Ashenzari.
 28255 | Swamp:3  | Received a gift from Okawaru
 28308 | Swamp:3  | Reached XP level 17. HP: 137/166 MP: 27/27
 28552 | Swamp:3  | Found a transporter.
 28553 | Swamp:3  | Found the +4 Cigotuvi's embrace {rMiasma Drain rN+}
 28576 | Swamp:3  | Found a transporter.
 28582 | Swamp:3  | Noticed Zenkrye's ghost (adept HOFi)
 28604 | Swamp:3  | Received a gift from Okawaru
 28605 | Swamp:3  | Killed Zenkrye's ghost
 28625 | Swamp:3  | Identified the ring "Totui" {rF+ Int+6 Dex-4 Slay+4}
 28684 | Swamp:3  | Acquired a manual of Armour
 28720 | Swamp:4  | Entered Level 4 of the Swamp
 29313 | Swamp:4  | Got a decaying rune of Zot
 29890 | Spider:1 | Entered Level 1 of the Spider Nest
 30123 | Spider:1 | Received a gift from Okawaru
 30311 | Spider:1 | Noticed Agnes
 30319 | Spider:1 | Killed Agnes
 31251 | Spider:2 | Received a gift from Okawaru
 31616 | Spider:3 | Identified the +1 pair of gloves of Focus {-Cast Str+4}
                  | (Okawaru gifted it to you on level 3 of the Spider Nest)
 31616 | Spider:3 | Received a gift from Okawaru
 31627 | Spider:3 | Reached XP level 18. HP: 178/178 MP: 28/28
 31635 | Spider:3 | Noticed Arachne
 31646 | Spider:3 | Killed Arachne
 32076 | Spider:3 | Noticed Donald
 32084 | Spider:3 | Killed Donald
 32233 | Spider:3 | Noticed Mlioglotl
 32246 | Spider:3 | Killed Mlioglotl
 32267 | Spider:3 | Found a runed translucent gate.
 32268 | Spider:3 | Found a runed translucent gate.
 32269 | Spider:3 | Found a runed translucent gate.
 32270 | Spider:3 | Noticed Ythrok's ghost (adept MiFi)
 32302 | Spider:3 | Killed Ythrok's ghost
 32306 | Spider:3 | Identified the +6 spear of Kery {flame, +Blink Fly rF++
                  | rC+}
 32995 | Spider:4 | Entered Level 4 of the Spider Nest
 33005 | Spider:4 | Noticed Bai Suzhen
 33030 | Spider:4 | Killed Bai Suzhen
 33084 | Spider:4 | Received a gift from Okawaru
 33115 | Spider:4 | HP: 3/170 [culicivora (7)]
 33115 | Spider:4 | Mangled by a redback

Illustrated notes

Levels and vault maps discovered:
D:1:      sevenhm_arrival_forest_fort_large_4, layout_basic,
          nrook_loot_triangle, minmay_lizard_pond
D:2:      layout_loops_ring, basic_altar, serial_shops,
          nicolae_shop_temple_entry_statues_fountains
D:3:      layout_basic, ebering_ecumenical_altar_webs, serial_forest,
          infiniplex_forest_lined_corner, infiniplex_forest_lined_1,
          infiniplex_forest_lined_1, infiniplex_forest_clump_small,
          infiniplex_forest_lined_room_3, infiniplex_forest_straight_1,
          infiniplex_forest_lined_room_2, infiniplex_forest_straight_4
D:4:      layout_cave_pools, gammafunk_ghost_arena
D:5:      layout_loops_ring, mainiacjoe_overflow_catwalk, nicolae_specific_store
D:6:      lemuel_ratsnest, layout_rooms, mainiacjoe_overflow_boulevard,
          ebering_ghost_rock_garden, hangedman_abyss_or_decor_stagger,
          serial_park_tiny_1
D:7:      layout_loops_cross, nicolae_overflow_hidden_temple,
          minmay_temple_entry_mist, serial_shops, kennysheep_little_box,
          hangedman_abyss_or_decor_stabs, minmay_misc_feat_iff
D:8:      layout_basic, mainiacjoe_overflow_alcove_4, lemuel_doored_altar,
          serial_shops, shop_fountains, minmay_crystal_water,
          kennysheep_island_fort, uniq_pikel, uniq_joseph, uniq_erica,
          uniq_gastronok
D:9:      layout_stronghold, lemuel_zombie_altar_yredelemnul, uniq_psyche,
          uniq_prince_ribbit1
D:10:     layout_grid_maze, lightli_temple_of_fire, fedhas_ov_isle_minmay,
          dpeg_oklobed_lair, chequers_serial_rivers_micro_e, uniq_grum,
          uniq_maggie
D:11:     layout_irregular_city
D:12:     layout_loops_ring, gammafunk_ghost_ooze,
          hangedman_decor_clover_reticule
D:13:     layout_loops_ring, uniq_rupert, uniq_maurice, uniq_azrael
D:14:     layout_roguey, skrybe_vaults_entry_preservation, serial_bayou_pond_e,
          grunt_ministairs_8, uniq_kirke, uniq_louise
D:15:     grunt_enter_depths_snipers, layout_cave_pools,
          portal_ice_cave_entry_ice_statue_two, minmay_misc_feat_more_columns,
          uniq_jorgrun
Temple:   eino_narrow_crystal_temple
Lair:1:   layout_long_grid
Lair:2:   layout_loops_ring, nicolae_spider_entry_non_spiders,
          serial_bayou_pond_a, uniq_harold
Lair:3:   layout_small_grid, minmay_swamp_entry_reptiles, grunt_megastairs_1
Lair:4:   layout_gridlike, minmay_slime_entry_oklob_open, basic_altar,
          gammafunk_ghost_split, beast_lair_carwin_2
Lair:5:   guppyfry_lair_end_dragon, layout_gridlike,
          hangedman_lair_tendril_chambers
Swamp:1:  layout_falls_marsh, hangedman_swamp_ruin_wall,
          nicolae_swamp_bunyip_nook, uniq_nikola
Swamp:2:  layout_basic_swamp, nicolae_swamp_godswood, swamp_pool4
Swamp:3:  layout_falls_marsh, gammafunk_ghost_mausoleum,
          evilmike_swamp_ruin_house_6
Swamp:4:  swamp_basic_johnstein, layout_basic_swamp, swamp_pool4,
          infiniplex_staircase_pool
Spider:1: layout_cave_pods, nicolae_spider_scorpion_nest, uniq_agnes
Spider:2: layout_spider_delve, drop_trap, einodemon_crawler_minivault
Spider:3: layout_chambers, ebering_ghost_rock_garden, nicolae_spider_nook,
          uniq_mlioglotl, uniq_arachne, uniq_donald
Spider:4: johnstein_spider_rune_arachne_lair, uniq_bai_suzhen
Orc:1:    layout_caves, nicolae_volcano_entry_vermiform, serial_shops,
          shop_fountains, nicolae_shop_hallway_plus, shop, uniq_snorg,
          uniq_fannar
Orc:2:    st_orc_ogre_mass, layout_caves

Skill      XL: |  1  2  3  4  5  6  7  8  9 10 11 12 13 14 15 16 17 18 |
---------------+-------------------------------------------------------+-----
Axes           | 3 4 5 6 8 10 11 12 14 15 17 18 19 | 19.7
Armour         | 4 5 6 7 8 9 10 12 13 14 16 18 20 | 20.2
Shields        | 4 5 6 7 8 9 10 11 12 14 16 17 18 | 18.4
Fighting       | 4 5 6 8 10 11 13 14 15 16 17 18 20 | 20.6
Throwing       | 1 2 3 4 5 6 7 8 9 10 | 10.0
Invocations    | 1 2 4 5 7 8 10 11 13 14 15 | 15.0

Action                   |  1- 3 |  4- 6 |  7- 9 | 10-12 | 13-15 | 16-18 || total
-------------------------+-------+-------+-------+-------+-------+-------++-------
Melee: War axe           |    57 |   111 |   253 |   387 |       |       ||   808
       Headbutt          |     4 |    20 |    56 |    88 |   144 |   175 ||   487
       Broad axe         |       |       |       |    55 |   561 |   711 ||  1327
Throw: Dart              |       |       |     2 |     6 |     5 |       ||    13
       Boomerang         |       |       |       |       |    24 |    21 ||    45
Invok: Heroism           |       |       |     2 |     4 |     9 |     6 ||    21
       Finesse           |       |       |       |     2 |     7 |     5 ||    14
Evoke: Wand              |       |       |       |    34 |       |       ||    34
  Use: Scroll            |     2 |    10 |     9 |    19 |    10 |    14 ||    64
       Potion            |     1 |       |     1 |     1 |     3 |     1 ||     7
 Stab: Petrified         |       |       |       |       |     2 |       ||     2
       Distracted        |       |       |       |       |     1 |       ||     1
Armor: Scale mail        |    34 |    15 |       |       |       |       ||    49
       Chain mail        |       |    12 |       |       |       |       ||    12
       Plate armour      |       |    46 |   132 |   312 |   377 |       ||   867
       Crystal plate arm |       |       |       |       |    58 |   626 ||   684
Dodge: Dodged            |    30 |    88 |    91 |   201 |   162 |   217 ||   789
Block: Buckler           |    17 |    34 |     4 |       |       |       ||    55
       Kite shield       |       |       |    98 |   263 |   323 |       ||   684
       Tower shield      |       |       |       |       |   178 |   926 ||  1104
